 Dungeon Crawl Stone Soup version 0.18.1-5-g4a78601 (webtiles) character file.

15013 Scarto the Blocker (level 11, -6/87 HPs)
             Began as a Demonspawn Fighter on May 10, 2016.
             Was the Champion of Makhleb.
             Mangled by a tengu warrior
             ... wielding a +1 great sword of slicing
              (13 damage)
             ... on level 13 of the Dungeon.
             The game lasted 00:30:15 (12520 turns).

Scarto the Blocker (Demonspawn Fighter)            Turns: 12520, Time: 00:30:16

Health: -6/87      AC: 24    Str: 20    XL:     11   Next: 96%
Magic:  11/11      EV:  9    Int: 15    God:    Makhleb [******]
Gold:   480        SH: 12    Dex: 12    Spells: 0 memorised, 10 levels left

rFire  + . .     SeeInvis .     P - +3 long sword
rCold  x . .     Gourm    .     l - +4 chain mail {rN+}
rNeg   + . .     Faith    .     c - +0 shield
rPois  .         Spirit   .     s - +2 helmet {Int+3}
rElec  .         Dismiss  .     C - +2 cloak
rCorr  .         Reflect  .     (gloves unavailable)
SustAt .         Harm     .     r - +0 pair of boots
MR     .....     Rnd*Rage +     (no amulet)
Stlth  ..........               (no ring)
                                m - ring of fire

@: lethally poisoned (-6 -> -7), marked, not resistant to hostile enchantments,
extremely unstealthy
A: claws 3, talons 1, molten scales 1, berserk 1, blink, clever 1, demonic
guardian 1
a: Blink, Minor Destruction, Lesser Servant of Makhleb, Major Destruction,
Greater Servant of Makhleb, Renounce Religion


You were on level 13 of the Dungeon.
You worshipped Makhleb.
Makhleb was exalted by your worship.
You were not hungry.

You visited 1 branch of the dungeon, and saw 13 of its levels.
You also visited: Sewer.

You collected 542 gold pieces.
You spent 62 gold pieces at shops.

Inventory:

Hand Weapons
 P - a +3 long sword (weapon)
Missiles
 i - 4 throwing nets (quivered)
 k - 13 javelins
 o - 11 tomahawks
Armour
 c - a +0 shield (worn)
 l - a +4 chain mail of positive energy (worn)
 r - a +0 pair of boots (worn)
 s - a +2 helmet of intelligence (worn)
 C - a +2 cloak (worn)
Jewellery
 m - a ring of fire (left claw)
Wands
 f - a wand of digging (16/24)
 u - a wand of lightning (11/15)
 y - a wand of flame (28/48)
 I - a wand of iceblast (7/15)
Scrolls
 b - 3 scrolls of teleportation
 e - a scroll of magic mapping
 g - a scroll of fog
 j - 3 scrolls of remove curse
 x - a scroll of silence
 z - 2 scrolls of fear
 A - 6 scrolls of recharging
 F - a scroll of enchant armour
 L - a scroll of blinking
Potions
 a - a potion of degeneration {unknown}
 d - 6 potions of might
 h - a potion of agility
 p - 2 potions of haste
 q - 2 potions of curing
 v - 3 potions of lignification
 w - 3 potions of brilliance
 B - a potion of heal wounds
 D - 2 potions of cancellation
 G - a potion of resistance
 M - a potion of cure mutation {unknown}
 N - a potion of berserk rage {unknown}
Books
 H - a book of Annihilations

   Spells                             Type                      Level
   a - Poison Arrow                   Conjuration/Poison           6
   b - Chain Lightning                Conjuration/Air              8
   c - Lehudib's Crystal Spear        Conjuration/Earth            8
   d - Glaciate                       Conjuration/Ice              9
   e - Fire Storm                     Conjuration/Fire             9
 K - a book of Transfigurations

   Spells                             Type                      Level
   a - Irradiate                      Conjuration/Transmutation    5
   b - Statue Form                    Transmutation/Earth          6
   c - Hydra Form                     Transmutation                6
   d - Dragon Form                    Transmutation                7
Miscellaneous
 Q - a lamp of fire
Comestibles
 n - 6 slices of pizza
 t - 16 fruits
 J - a royal jelly
 O - 2 meat rations


   Skills:
 + Level 8.4 Fighting
 + Level 3.0 Long Blades
   Level 8.1 Polearms
 + Level 8.8 Armour
 + Level 6.0 Dodging
 + Level 2.1 Stealth
 + Level 9.9 Shields


You had 10 spell levels left.
You didn't know any spells.

Dungeon Overview and Level Annotations

Branches:
Dungeon (13/15)            Temple (0/1) D:7            Lair (0/8) D:11
    Orc (0/2) D:10
 Vaults: D:13-14

Altars:
Ashenzari
Cheibriados
Dithmenos
Elyvilon
Kikubaaqudgha
Makhleb
Nemelex Xobeh
Trog
Yredelemnul
Zin

Shops:
D:7 *   D:10 }(=


Innate Abilities, Weirdness & Mutations

You have claws for hands.
You are partially covered in molten scales (AC +1).
A weak demonic guardian rushes to your aid.
You have sharp toenails.
You tend to lose your temper in combat.
You can translocate small distances at will.
Your mind is acute. (Int +2)


Message History

The tengu warrior is lightly wounded.
You feel sick.
The tengu warrior hits you but does no damage.
The tengu warrior barely misses you.
The tengu warrior claws you but does no damage.
You block the green death's attack.
You closely miss the tengu warrior.
The tengu warrior is lightly wounded.
You block the tengu warrior's attack.
The tengu warrior pecks you but does no damage.
The tengu warrior claws you but does no damage.
The green death hits you!
* * * LOW HITPOINT WARNING * * *
You block the green death's attack.
An orc warrior comes into view. It is wielding a flail.
Your shield and chain mail prevent you from hitting the tengu warrior.
The tengu warrior is lightly wounded.
You hear the frantic ticking of a distant clock.
The tengu warrior hits you with a great sword of slicing!
You die... # #.. # ##.# # ...# # Ko# .##### y #..# #u.. oH#

....... #. #..# #[.# #W# .......
#.. #..# #..# #2# .......
#..##..# #..# #@# # .......
#......# #..# #Q###.# #..}....
#......###..# #uy...#####.......
##...*.......###yZ##.............
.......*....Zy.yyQ##.............
........###.....y*##.............
........# #.......##.............
........# #.......##.........>...
........# #.......##.............


You could see a green death, a griffon, a brown ugly thing, a tengu warrior, a
hungry ghost, a tengu conjurer, an orc warrior, a big kobold, a wasp, 4 killer
bees, a battlesphere, an orc and a harpy skeleton.

Vanquished Creatures
  2 centaur warriors (D:13)
  2 ugly things
  3 hill giants
  A cyclops (D:13)
  A kobold demonologist (D:12)
  A spiny frog (D:11)
  A tengu conjurer (D:9)
  4 trolls
  A blink frog (D:11)
  A shadow (D:11)
  3 wyverns
  10 yaks
  2 steam dragons
  2 hungry ghosts (D:13)
  A mottled dragon (D:12)
  2 water moccasins (D:10)
  5 ice beasts
  3 sky beasts
  A black bear (D:11)
  An orc warrior (D:10)
  2 wasps
  An eye of draining (D:8)
  5 phantoms
  4 ogres
  3 centaurs
  A crocodile (D:13)
  3 big kobolds
  7 giant frogs
  A gnoll sergeant (D:9)
  2 scorpions
  5 killer bees (D:8)
  4 howler monkeys
  7 crimson imps
  5 giant frog zombies
  A quasit (D:5)
  3 orc priests
  4 hounds
  2 jellies
  9 orc wizards
  2 giant frog skeletons
  13 worker ants
  3 iguanas
  A hound zombie (D:7)
  2 hound skeletons (D:5)
  Robin (D:4)
  2 worker ant zombies
  4 gnolls
  10 adders
  3 shadow imps
  11 worms
  An adder skeleton (D:5)
  2 adder zombies
  2 dart slugs (D:4)
  6 giant geckos
  47 orcs
  6 bats
  4 giant cockroaches
  11 goblins
  8 hobgoblins
  3 jackals (D:7)
  10 kobolds
  5 quokkas
  3 ball pythons
  A ball python skeleton (D:4)
  2 giant gecko skeletons (D:5)
  15 giant newts
  A kobold zombie (D:2)
  A quokka zombie (D:5)
  9 rats
305 creatures vanquished.

Vanquished Creatures (collateral kills)
  A hydra (D:12)
  A cyclops (D:12)
  2 yaks (D:9)
  A basilisk (D:13)
  Purgy (Sewer)
  An ogre (D:4)
  2 giant frogs
  A big kobold (D:13)
  2 killer bees (D:8)
  A giant frog zombie (D:5)
  An orc priest (D:4)
  A giant frog skeleton (D:4)
  2 orc wizards
  2 sheep (D:13)
  A hound skeleton (D:7)
  4 orcs
  A goblin (D:4)
  2 jackals (D:8)
  A kobold (D:10)
28 creatures vanquished.

Vanquished Creatures (others)
  Erolcha (D:9)
1 creature vanquished.

Grand Total: 334 creatures vanquished

Notes
Turn   | Place    | Note
--------------------------------------------------------------
     0 | D:1      | Scarto the Demonspawn Fighter began the quest for the Orb.
     0 | D:1      | Reached XP level 1. HP: 18/18 MP: 1/1
   316 | D:1      | Gained mutation: You have sharp fingernails. [demonic ancestry]
   316 | D:1      | Reached XP level 2. HP: 24/24 MP: 2/2
   707 | D:2      | Found a shadowy altar of Dithmenos.
   713 | D:2      | Found a glowing silver altar of Zin.
   830 | D:2      | Found a burning altar of Makhleb.
   915 | D:2      | Became a worshipper of Makhleb the Destroyer
   965 | D:2      | Reached skill level 3 in Shields
   965 | D:2      | Gained mutation: A weak demonic guardian rushes to your aid. [demonic ancestry]
   965 | D:2      | Reached XP level 3. HP: 29/29 MP: 3/3
  1174 | D:2      | Found a runed door.
  1174 | D:2      | Noticed a human
  1181 | D:2      | Found a basalt altar of Yredelemnul.
  1356 | D:3      | Reached * piety under Makhleb
  1402 | D:3      | Found a white marble altar of Elyvilon.
  1432 | D:3      | Reached XP level 4. HP: 34/36 MP: 4/4
  1667 | D:3      | Found a glowing drain.
  1671 | Sewer    | Entered a sewer
  1773 | Sewer    | Noticed Purgy
  1809 | Sewer    | Killed Purgy
  1809 | Sewer    | Reached skill level 1 in Dodging
  1809 | Sewer    | Reached XP level 5. HP: 35/42 MP: 5/5
  1864 | D:3      | Reached ** piety under Makhleb
  2088 | D:4      | Found a shattered altar of Ashenzari.
  2381 | D:4      | Gained mutation: You have very sharp fingernails. [demonic ancestry]
  2381 | D:4      | Reached XP level 6. HP: 29/48 MP: 6/6
  3469 | D:4      | Reached skill level 4 in Shields
  3652 | D:4      | Noticed Robin
  3673 | D:4      | Gained mutation: You have claws for hands. [demonic ancestry]
  3673 | D:4      | Reached XP level 7. HP: 48/55 MP: 7/7
  3677 | D:4      | Reached *** piety under Makhleb
  3687 | D:4      | Killed Robin
  4021 | D:4      | Found a snail-covered altar of Cheibriados.
  4429 | D:5      | Entered Level 5 of the Dungeon
  5104 | D:5      | Reached skill level 5 in Armour
  5112 | D:5      | Reached **** piety under Makhleb
  5112 | D:5      | Reached skill level 5 in Fighting
  5112 | D:5      | Reached skill level 5 in Shields
  5112 | D:5      | Reached XP level 8. HP: 62/62 MP: 8/8
  5186 | D:5      | Found a sparkling altar of Nemelex Xobeh.
  6802 | D:7      | Reached skill level 5 in Polearms
  6838 | D:7      | Reached skill level 6 in Shields
  7022 | D:7      | Found an ancient bone altar of Kikubaaqudgha.
  7076 | D:7      | Found a staircase to the Ecumenical Temple.
  7126 | D:7      | Found Xodghuik's Assorted Antiques.
  7131 | D:7      | Reached XP level 9. HP: 69/69 MP: 9/9
  7134 | D:7      | Bought a scroll of identify for 62 gold pieces
  7340 | D:8      | Reached ***** piety under Makhleb
  7361 | D:8      | Gained mutation: You have an increased reservoir of magic (+10% MP). [mutagenic meat]
  7362 | D:8      | Gained mutation: You have supernaturally acute eyesight. [mutagenic meat]
  7363 | D:8      | Gained mutation: Your mind is acute. (Int +2) [mutagenic meat]
  7365 | D:8      | Gained mutation: You can translocate small distances at will. [mutagenic meat]
  7641 | D:8      | Reached skill level 7 in Shields
  8167 | D:8      | Found a bloodstained altar of Trog.
  8530 | D:9      | Gained mutation: You are partially covered in molten scales (AC +1). [demonic ancestry]
  8530 | D:9      | Reached XP level 10. HP: 47/77 MP: 11/11
  8579 | D:9      | Noticed Erolcha
  8588 | D:9      | Killed Erolcha
  8906 | D:10     | Entered Level 10 of the Dungeon
  8965 | D:10     | Reached skill level 8 in Shields
  9054 | D:10     | Noticed a hill giant
  9070 | D:10     | Killed a hill giant
  9289 | D:10     | Reached skill level 1 in Stealth
  9528 | D:10     | Found a staircase to the Orcish Mines.
  9623 | D:10     | Found Hagaiqan's Antique Weapon Shoppe.
  9787 | D:10     | Found Cimeawuv's Jewellery Shoppe.
  9844 | D:10     | Reached skill level 5 in Dodging
  9949 | D:10     | Lost mutation: You have an increased reservoir of magic (+10% MP). [mutagenic meat]
  9950 | D:10     | Gained mutation: You tend to lose your temper in combat. [mutagenic meat]
  9951 | D:10     | Lost mutation: You have supernaturally acute eyesight. [mutagenic meat]
  9952 | D:10     | Gained mutation: You are clumsy. (Dex -2) [mutagenic meat]
 10023 | D:10     | Found Zotwi's Gadget Boutique.
 10104 | D:11     | Found a staircase to the Lair.
 10104 | D:11     | Noticed a red ugly thing
 10105 | D:11     | Noticed a spiny frog
 10118 | D:11     | Killed a red ugly thing
 10129 | D:11     | Killed a spiny frog
 10141 | D:11     | Lost mutation: You are clumsy. (Dex -2) [mutagenic meat]
 10142 | D:11     | Gained mutation: You have sharp toenails. [mutagenic meat]
 10298 | D:11     | Reached XP level 11. HP: 83/84 MP: 11/11
 11092 | D:12     | Noticed a six-headed hydra
 11103 | D:12     | Killed a six-headed hydra
 11112 | D:12     | Reached ****** piety under Makhleb
 11146 | D:12     | Reached skill level 9 in Shields
 11147 | D:12     | Noticed a green ugly thing
 11158 | D:12     | Killed a green ugly thing
 11436 | D:12     | Noticed a hill giant
 11471 | D:12     | Killed a hill giant
 11847 | D:12     | Noticed a hill giant
 11859 | D:12     | Killed a hill giant
 11859 | D:12     | Reached skill level 1 in Long Blades
 12139 | D:13     | Noticed a centaur warrior
 12162 | D:13     | Killed a centaur warrior
 12289 | D:13     | Noticed a centaur warrior
 12304 | D:13     | Killed a centaur warrior
 12394 | D:13     | Noticed a two-headed hydra
 12492 | D:13     | Noticed a tengu warrior
 12500 | D:13     | Noticed a brown ugly thing
 12508 | D:13     | Noticed a green death
 12513 | D:13     | Noticed a griffon
 12520 | D:13     | Mangled by a tengu warrior

Skill      XL: |  1  2  3  4  5  6  7  8  9 10 11 |
---------------+----------------------------------+-----
Polearms       | 2 3 5 6 7 8 |  8.1
Shields        | 3 4 5 6 7 8 9 |  9.9
Armour         | 3 4 5 6 7 8 |  8.8
Dodging        | 1 2 3 4 5 6 |  6.0
Fighting       | 4 5 6 7 8 |  8.4
Stealth        | 1 2 |  2.1
Long Blades    | 3 |  3.0

Action                   |  1- 3 |  4- 6 |  7- 9 | 10-12 || total
-------------------------+-------+-------+-------+-------++-------
Melee: Trident           |   156 |   287 |   656 |   394 ||  1493
       Long sword        |       |       |       |   237 ||   237
Throw: Throwing net      |       |     1 |       |       ||     1
Invok: Greater Servant o |       |       |       |     1 ||     1
  Use: Scroll            |       |       |    13 |     9 ||    22
       Potion            |       |       |     5 |     4 ||     9
 Stab: Distracted        |       |       |       |     5 ||     5
  Eat: Bread ration      |       |     2 |     1 |     2 ||     5
       Chunk             |       |     1 |    12 |     9 ||    22
       Beef jerky        |       |       |     2 |       ||     2
       Meat ration       |       |       |     1 |     2 ||     3
       Fruit             |       |       |     1 |     3 ||     4
       Pizza             |       |       |       |     2 ||     2
Armor: Scale mail        |    19 |       |    14 |       ||    33
       Chain mail        |    42 |   198 |   281 |   423 ||   944
Dodge: Dodged            |    21 |    46 |   162 |   226 ||   455
Block: Shield            |    53 |   136 |   309 |   419 ||   917
